[Event "Rated Blitz game"]
[Site "?"]
[Date "2021.11.07"]
[Round "?"]
[White "mared2"]
[Black "camilomunoz0107"]
[Result "0-1"]
[ECO "C42"]
[WhiteElo "2427"]
[BlackElo "2419"]
[PlyCount "98"]
[EventDate "2021.??.??"]
[EventType "blitz"]
[TimeControl "180"]

1. e4 e5 2. Nf3 Nf6 3. Nxe5 d6 4. Nxf7 Kxf7 5. d4 Bg4 6. f3 Bh5 7. Nc3 c6 8. g4
Nxg4 9. fxg4 Qh4+ 10. Kd2 Bxg4 11. Be2 Qh6+ 12. Kd3 Qh3+ 13. Be3 Bxe2+ 14. Qxe2
Be7 15. Raf1+ Bf6 16. Kd2 Nd7 17. Kc1 Rhe8 18. Rf3 Qh4 19. Rhf1 Kg8 20. Kb1 b5
21. Bf2 Qh5 22. Qd3 b4 23. Ne2 c5 24. Nf4 Qf7 25. Nd5 cxd4 26. Bxd4 Re6 27.
Bxf6 Nxf6 28. Nxf6+ Rxf6 29. Rxf6 gxf6 30. Qxd6 Rf8 31. Qxb4 Kh8 32. Qd4 Kg7
33. b3 Re8 34. Rf5 Qe6 35. Rf4 Re7 36. a4 Rd7 37. Qc3 Qd6 38. Rg4+ Kh8 39. Kb2
Rc7 40. Qg3 Qd4+ 41. c3 Qd2+ 42. Ka3 Qc1+ 43. Kb4 Rc8 44. Qd6 Qxc3+ 45. Ka3
Qa1+ 46. Kb4 Qc3+ 47. Kb5 a6+ 48. Kxa6 Ra8+ 49. Kb7 Rc8 {Time forfeit} 0-1

[Event "Rated Blitz game"]
[Site "?"]
[Date "2021.11.07"]
[Round "?"]
[White "felipepeco88"]
[Black "t0gEtHeR"]
[Result "0-1"]
[ECO "C42"]
[WhiteElo "2444"]
[BlackElo "2423"]
[PlyCount "43"]
[EventDate "2021.??.??"]
[EventType "blitz"]
[TimeControl "180"]

1. e4 e5 2. Nf3 Nf6 3. Nxe5 d6 4. Nxf7 Kxf7 5. d4 g6 6. Bd3 c5 7. c3 Kg7 8. O-O
Be7 9. f4 cxd4 10. cxd4 d5 11. e5 Ne4 12. Nd2 Bf5 13. Qe2 Nc6 14. Nf3 Qb6 15.
Be3 Rac8 16. Rfd1 h5 17. Rab1 Nb4 18. Bxe4 Bxe4 19. Rbc1 Nxa2 20. Rxc8 Rxc8 21.
Ng5 Rc2 22. Qf1 {Normal} 0-1

[Event "Rated Blitz game"]
[Site "?"]
[Date "2021.11.07"]
[Round "?"]
[White "Machinegunusa"]
[Black "hima_saber80"]
[Result "1-0"]
[ECO "C42"]
[WhiteElo "2599"]
[BlackElo "2515"]
[PlyCount "93"]
[EventDate "2021.??.??"]
[EventType "blitz"]
[TimeControl "180"]

1. e4 e5 2. Nf3 Nf6 3. Nxe5 d6 4. Nxf7 Kxf7 5. d4 c5 6. Bc4+ d5 7. exd5 b5 8.
Be2 c4 9. a4 Bb7 10. axb5 Qxd5 11. Bf3 Qxb5 12. Nc3 Bb4 13. O-O Bxc3 14. bxc3
Nc6 15. Bf4 Qf5 16. Rb1 Qxf4 17. Rxb7+ Ne7 18. Qe2 Rae8 19. Qxc4+ Kg6 20. Rxa7
Nf5 21. Qf7+ Kh6 22. Bc6 Ref8 23. Qc4 Ng4 24. g3 Qg5 25. Bg2 Rf6 26. h3 Nge3
27. fxe3 Qxe3+ 28. Kh2 Qxg3+ 29. Kg1 Ne3 30. Rxf6+ gxf6 31. Qc6 Qg5 32. Ra6 Rf8
33. Qf3 Nf5 34. Kh2 Nh4 35. Qf2 Rg8 36. Bh1 Rg6 37. Re6 f5 38. Re5 Rf6 39. c4
Kg6 40. c5 h6 41. c6 Qc1 42. c7 Qxc2 43. Qxc2 Nf3+ 44. Bxf3 Kg5 45. c8=Q Kh4
46. Qd8 f4 47. Qxf6# {Normal} 1-0

[Event "Rated Blitz game"]
[Site "?"]
[Date "2021.11.06"]
[Round "?"]
[White "jiberwockie"]
[Black "Akaineco"]
[Result "1-0"]
[ECO "C42"]
[WhiteElo "2426"]
[BlackElo "2362"]
[PlyCount "59"]
[EventDate "2021.??.??"]
[EventType "blitz"]
[TimeControl "180"]

1. e4 e5 2. Nf3 Nf6 3. Nxe5 d6 4. Nxf7 Kxf7 5. d4 c5 6. dxc5 Nc6 7. Bc4+ Be6 8.
Bxe6+ Kxe6 9. O-O Kf7 10. cxd6 Qxd6 11. Qe2 Re8 12. Nc3 Nd4 13. Qc4+ Ne6 14.
Be3 Qc6 15. Qb3 Bc5 16. e5 Ng4 17. Bxc5 Qxc5 18. Qxb7+ Re7 19. Qf3+ Nf6 20.
exf6 gxf6 21. Ne4 Qe5 22. Rae1 Nd4 23. Qd3 Rg8 24. Qc4+ Kf8 25. f4 Rc7 26.
Qxg8+ Kxg8 27. fxe5 fxe5 28. Nf6+ Kh8 29. Rxe5 Rc8 30. Re7 {Normal} 1-0

[Event "Rated Blitz game"]
[Site "?"]
[Date "2021.11.06"]
[Round "?"]
[White "himan1"]
[Black "Eelecurb"]
[Result "1-0"]
[ECO "C42"]
[WhiteElo "2291"]
[BlackElo "2451"]
[PlyCount "37"]
[EventDate "2021.??.??"]
[EventType "blitz"]
[TimeControl "180"]

1. e4 e5 2. Nf3 Nf6 3. Nxe5 d6 4. Nxf7 Kxf7 5. Bc4+ Be6 6. Bxe6+ Kxe6 7. d4 Kf7
8. O-O Be7 9. Qf3 Kg8 10. Nc3 c6 11. Bg5 Nbd7 12. Qf5 h6 13. Qe6+ Kf8 14. Bh4
g5 15. Bg3 Qc7 16. f4 g4 17. e5 Nd5 18. Ne4 Re8 19. exd6 {Normal} 1-0

[Event "Rated Blitz game"]
[Site "?"]
[Date "2021.11.06"]
[Round "?"]
[White "Golondrina_de_Mordor"]
[Black "Hidroksipropil"]
[Result "1-0"]
[ECO "C42"]
[WhiteElo "2456"]
[BlackElo "2452"]
[PlyCount "71"]
[EventDate "2021.??.??"]
[EventType "blitz"]
[TimeControl "180"]

1. e4 e5 2. Nf3 Nf6 3. Nxe5 d6 4. Nxf7 Kxf7 5. d4 Be7 6. Nc3 c5 7. Bc4+ Ke8 8.
d5 Bg4 9. f3 Bh5 10. O-O Nbd7 11. Bf4 a6 12. a4 Qb6 13. b3 Kf7 14. Qd3 Bg6 15.
Bg3 Rhf8 16. f4 Kg8 17. Qe2 Rae8 18. e5 Bd8 19. e6 Nb8 20. f5 Bh5 21. Qd3 Bc7
22. Ne4 Qa5 23. Nxf6+ Rxf6 24. Bh4 Rff8 25. f6 Bg6 26. Qg3 gxf6 27. Bxf6 Qd2
28. Bd3 Qh6 29. Rf4 Rxe6 30. dxe6 d5 31. e7 Re8 32. Raf1 Bxf4 33. Rxf4 Nd7 34.
Bxg6 Qxg6 35. Rg4 Nxf6 36. Rxg6+ {Normal} 1-0

[Event "Rated Blitz game"]
[Site "?"]
[Date "2021.11.06"]
[Round "?"]
[White "josefghng"]
[Black "Frusti"]
[Result "0-1"]
[ECO "C42"]
[WhiteElo "2529"]
[BlackElo "2612"]
[PlyCount "42"]
[EventDate "2021.??.??"]
[EventType "blitz"]
[TimeControl "300"]

1. e4 e5 2. Nf3 Nf6 3. Nxe5 d6 4. Nxf7 Kxf7 5. Bc4+ d5 6. Bb3 Nc6 7. d4 Qe8 8.
e5 Nxe5 9. dxe5 Qxe5+ 10. Be3 Bc5 11. O-O Bd6 12. g3 Bh3 13. Bd4 Qe4 14. f3 Qg6
15. Bxf6 gxf6 16. Qxd5+ Kg7 17. Re1 Bxg3 18. Re7+ Kh6 19. Kh1 Bf4 20. Re2 Rae8
21. Nc3 Rxe2 {Normal} 0-1

[Event "Rated Blitz game"]
[Site "?"]
[Date "2021.11.06"]
[Round "?"]
[White "Saminsa"]
[Black "maksmil"]
[Result "1-0"]
[ECO "C42"]
[WhiteElo "2484"]
[BlackElo "2457"]
[PlyCount "43"]
[EventDate "2021.??.??"]
[EventType "blitz"]
[TimeControl "180"]

1. e4 e5 2. Nf3 Nf6 3. Nxe5 d6 4. Nxf7 Kxf7 5. Nc3 Be6 6. d4 c6 7. Bd3 g6 8.
O-O Kg7 9. f4 d5 10. f5 dxe4 11. fxe6 exd3 12. Bg5 Qxd4+ 13. Kh1 Be7 14. cxd3
Na6 15. Ne4 Nxe4 16. Bxe7 Nf2+ 17. Rxf2 Qxf2 18. Qb3 Qd4 19. Qxb7 Rab8 20. Bf8+
Kf6 21. Qg7+ Kxe6 22. Re1+ {Normal} 1-0

[Event "Rated Blitz game"]
[Site "?"]
[Date "2021.11.06"]
[Round "?"]
[White "MohammadHossein_20"]
[Black "MH_BKD"]
[Result "0-1"]
[ECO "C42"]
[WhiteElo "2281"]
[BlackElo "2424"]
[PlyCount "84"]
[EventDate "2021.??.??"]
[EventType "blitz"]
[TimeControl "180"]

1. e4 e5 2. Nf3 Nf6 3. Nxe5 d6 4. Nxf7 Kxf7 5. Nc3 Be7 6. Bc4+ Be6 7. Bxe6+
Kxe6 8. d4 Re8 9. Be3 Kf7 10. Qf3 Kg8 11. O-O-O Nc6 12. e5 Nd7 13. e6 Nb6 14.
d5 Ne5 15. Qe4 Rf8 16. f4 Ng6 17. g4 Nxf4 18. Bxf4 Rxf4 19. Qg2 Qf8 20. Rhf1
Nc4 21. Qe2 Ne5 22. h3 Bg5 23. Kb1 Qf6 24. Ne4 Qh6 25. a3 Raf8 26. Rxf4 Bxf4
27. Qg2 g5 28. Rh1 Nc4 29. h4 Qg6 30. hxg5 Bxg5 31. Qe2 Qxe4 32. Qxe4 Nd2+ 33.
Ka2 Nxe4 34. Re1 Nf6 35. c4 Nxg4 36. Rg1 h5 37. Rh1 h4 38. Rg1 Rf4 39. Re1 h3
40. c5 h2 41. cxd6 cxd6 42. Rh1 Rf2 {Normal} 0-1

[Event "Rated Blitz game"]
[Site "?"]
[Date "2021.11.06"]
[Round "?"]
[White "smith112358"]
[Black "edrom"]
[Result "1-0"]
[ECO "C42"]
[WhiteElo "2429"]
[BlackElo "2443"]
[PlyCount "63"]
[EventDate "2021.??.??"]
[EventType "blitz"]
[TimeControl "300"]

1. e4 e5 2. Nf3 Nf6 3. Nxe5 d6 4. Nxf7 Kxf7 5. Bc4+ Be6 6. Qe2 d5 7. exd5 Bxd5
8. O-O Bxc4 9. Qxc4+ Kg6 10. d4 h6 11. Nc3 Bd6 12. f4 Re8 13. Qd3+ Kf7 14. Bd2
Nc6 15. f5 Kg8 16. a3 Nxd4 17. Rad1 Qd7 18. Qc4+ Kh8 19. Bxh6 Nxf5 20. Bg5 Re5
21. Bxf6 gxf6 22. Ne4 Qe6 23. Nxd6 Nxd6 24. Qh4+ Kg7 25. Rf3 Ne4 26. Rh3 Qb6+
27. Kf1 Qb5+ 28. Kg1 Qc5+ 29. Kf1 Kf7 30. Qh7+ Ke8 31. Qd7+ Kf8 32. Rh8# {
Normal} 1-0

[Event "Rated Blitz game"]
[Site "?"]
[Date "2021.11.06"]
[Round "?"]
[White "JuanCLA"]
[Black "Dezzphantom"]
[Result "0-1"]
[ECO "C42"]
[WhiteElo "2430"]
[BlackElo "2451"]
[PlyCount "54"]
[EventDate "2021.??.??"]
[EventType "blitz"]
[TimeControl "180"]

1. e4 e5 2. Nf3 Nf6 3. Nxe5 d6 4. Nxf7 Kxf7 5. d4 g6 6. Nc3 Bg7 7. Bc4+ Be6 8.
d5 Bd7 9. O-O Re8 10. f3 Kg8 11. Ne2 Na6 12. a3 Kh8 13. Nd4 Qe7 14. b4 Nxe4 15.
fxe4 Qxe4 16. c3 Bg4 17. Qd2 Re7 18. Bxa6 bxa6 19. Nc6 Ree8 20. Bb2 Qe2 21. Rf2
Qxd2 22. Rxd2 Bh6 23. c4+ Kg8 24. Rc2 Bf5 25. Rc3 Re2 26. Bc1 Bg7 27. Rf3 Bxa1
{Normal} 0-1

[Event "Rated Rapid game"]
[Site "?"]
[Date "2021.11.06"]
[Round "?"]
[White "Unitloveyou19"]
[Black "Nikita5709"]
[Result "1-0"]
[ECO "C42"]
[WhiteElo "2613"]
[BlackElo "2435"]
[PlyCount "55"]
[EventDate "2021.??.??"]
[EventType "rapid"]
[TimeControl "600"]

1. e4 e5 2. Nf3 Nf6 3. Nxe5 d6 4. Nxf7 Kxf7 5. Nc3 Be6 6. d4 Be7 7. f4 Bg4 8.
Qd2 c6 9. Bd3 Rf8 10. h3 Bc8 11. O-O Kg8 12. f5 Nbd7 13. Ne2 Qb6 14. Qe3 c5 15.
c3 Nb8 16. g4 Nc6 17. g5 cxd4 18. cxd4 Nh5 19. Bd2 d5 20. e5 Bb4 21. Bc3 Ne7
22. f6 Ng6 23. Qf3 Nxe5 24. Bxh7+ Kxh7 25. Qxh5+ Kg8 26. Bxb4 Qxb4 27. dxe5 Be6
28. g6 {Normal} 1-0

[Event "Rated Blitz game"]
[Site "?"]
[Date "2021.11.06"]
[Round "?"]
[White "escape64"]
[Black "MonchoValerio"]
[Result "1-0"]
[ECO "C42"]
[WhiteElo "2469"]
[BlackElo "2388"]
[PlyCount "65"]
[EventDate "2021.??.??"]
[EventType "blitz"]
[TimeControl "180+2"]

1. e4 e5 2. Nf3 Nf6 3. Nxe5 d6 4. Nxf7 Kxf7 5. Nc3 c5 6. d4 Nc6 7. Bc4+ Ke8 8.
Be3 Be7 9. O-O cxd4 10. Bxd4 Nxd4 11. Qxd4 Qb6 12. Qd3 Bd7 13. h3 Rc8 14. Bb3
a6 15. a4 Bc6 16. Rfe1 Kf8 17. e5 dxe5 18. Rxe5 Rd8 19. Qc4 Be8 20. Rae1 Rd7
21. Qf4 Qd8 22. Nd5 Bf7 23. Nxe7 Bxb3 24. cxb3 Rd1 25. Nf5 Rxe1+ 26. Rxe1 h6
27. Qb4+ Kf7 28. Re7+ Kg6 29. Qf4 Rg8 30. Nh4+ Kh5 31. g3 Qd1+ 32. Kg2 Qd5+ 33.
Kh2 {Time forfeit} 1-0

[Event "Rated Blitz game"]
[Site "?"]
[Date "2021.11.05"]
[Round "?"]
[White "wallie666"]
[Black "Graf_Orlov"]
[Result "0-1"]
[ECO "C42"]
[WhiteElo "2502"]
[BlackElo "2324"]
[PlyCount "96"]
[EventDate "2021.??.??"]
[EventType "blitz"]
[TimeControl "180"]

1. e4 e5 2. Nf3 Nf6 3. Nxe5 d6 4. Nxf7 Kxf7 5. d4 c6 6. Nc3 Be7 7. Bd3 Rf8 8.
O-O Kg8 9. h3 c5 10. e5 dxe5 11. dxe5 Ne8 12. Be3 Nc6 13. f4 Bf5 14. Bxf5 Rxf5
15. g4 Rf8 16. Nd5 Nc7 17. c4 Ne6 18. f5 Ned4 19. e6 Bg5 20. Qd2 Bxe3+ 21. Qxe3
Nc2 22. Qe4 Qh4 23. Qxc2 Qxh3 24. Qg2 Qh4 25. Rae1 Rae8 26. Rf4 Qxe1+ 27. Rf1
Qh4 28. b3 Nd4 29. Rf4 Qe1+ 30. Rf1 Qh4 31. Rf4 Nxe6 32. fxe6 Rxf4 33. Nxf4
Qe1+ 34. Kh2 Qe5 35. Qg3 g5 36. Nh5 Qxg3+ 37. Kxg3 Rxe6 38. Kf3 Kf7 39. Ng3 Ra6
40. Ne4 Rxa2 41. Nxc5 b6 42. Ne4 Rb2 43. Ke3 Rxb3+ 44. Kd4 Kg6 45. Nd6 a5 46.
Nc8 a4 47. Nd6 a3 48. Nb5 a2 {Time forfeit} 0-1

[Event "Rated Blitz game"]
[Site "?"]
[Date "2021.11.05"]
[Round "?"]
[White "Cadlag"]
[Black "adnansendur"]
[Result "0-1"]
[ECO "C42"]
[WhiteElo "2532"]
[BlackElo "2513"]
[PlyCount "46"]
[EventDate "2021.??.??"]
[EventType "blitz"]
[TimeControl "180"]

1. e4 e5 2. Nf3 Nf6 3. Nxe5 d6 4. Nxf7 Kxf7 5. d4 Qe8 6. Bc4+ Be6 7. Bxe6+ Qxe6
8. O-O Qxe4 9. Re1 Qf5 10. c3 Nbd7 11. Qb3+ Qd5 12. c4 Qc6 13. Nc3 d5 14. cxd5
Qb6 15. Qc4 Bd6 16. Re6 Qb4 17. b3 Rhe8 18. Rxe8 Rxe8 19. Bd2 Qxc4 20. bxc4 b6
21. f3 Bb4 22. Kf2 Bxc3 23. Bxc3 b5 {Normal} 0-1

[Event "Rated Blitz game"]
[Site "?"]
[Date "2021.11.05"]
[Round "?"]
[White "marinoacid"]
[Black "sami1962"]
[Result "0-1"]
[ECO "C42"]
[WhiteElo "2353"]
[BlackElo "2435"]
[PlyCount "88"]
[EventDate "2021.??.??"]
[EventType "blitz"]
[TimeControl "300"]

1. e4 e5 2. Nf3 Nf6 3. Nxe5 d6 4. Nxf7 Kxf7 5. Bc4+ Be6 6. Qe2 Qe8 7. O-O Bxc4
8. Qxc4+ Qe6 9. Qxc7+ Nbd7 10. Nc3 Be7 11. d4 Rhb8 12. Re1 Bd8 13. d5 Bxc7 14.
dxe6+ Kxe6 15. Nb5 Rc8 16. Bf4 a6 17. Nd4+ Kf7 18. Rad1 g6 19. h3 Ne5 20. b3
Rd8 21. Bg5 Bb6 22. c4 Bxd4 23. Rxd4 Ke6 24. Red1 Nf7 25. Bf4 g5 26. Bh2 Rac8
27. a4 Ne5 28. f4 gxf4 29. Bxf4 Rd7 30. Bg5 Nf7 31. Bh4 Rc6 32. Rf1 Ne8 33. g4
Ne5 34. Rf8 Rc8 35. Kg2 Rdc7 36. Bg3 Rf7 37. Rh8 Ke7 38. Bh4+ Kd7 39. Bg3 Ng6
40. Rg8 Rg7 41. Rxg7+ Nxg7 42. Rxd6+ Ke8 43. e5 Rd8 44. Rb6 Rd7 {Time forfeit}
0-1

[Event "Rated Blitz game"]
[Site "?"]
[Date "2021.11.05"]
[Round "?"]
[White "ajc54"]
[Black "Betonschach1"]
[Result "1-0"]
[ECO "C42"]
[WhiteElo "2342"]
[BlackElo "2408"]
[PlyCount "37"]
[EventDate "2021.??.??"]
[EventType "blitz"]
[TimeControl "180"]

1. e4 e5 2. Nf3 Nf6 3. Nxe5 d6 4. Nxf7 Kxf7 5. d4 c5 6. dxc5 Nc6 7. Bc4+ Be6 8.
Bxe6+ Kxe6 9. Nc3 dxc5 10. Qe2 Qd4 11. Be3 Qb4 12. O-O Bd6 13. a3 Qxb2 14. Qc4+
Ke7 15. Rfb1 Ne5 16. Nd5+ Nxd5 17. Qxd5 Qxc2 18. Rxb7+ Nd7 19. Rd1 {Normal} 1-0

[Event "Rated Blitz game"]
[Site "?"]
[Date "2021.11.05"]
[Round "?"]
[White "NurmagomedOmarov97"]
[Black "Yuri_Solyanik"]
[Result "0-1"]
[ECO "C42"]
[WhiteElo "2470"]
[BlackElo "2443"]
[PlyCount "49"]
[EventDate "2021.??.??"]
[EventType "blitz"]
[TimeControl "180"]

1. e4 e5 2. Nf3 Nf6 3. Nxe5 d6 4. Nxf7 Kxf7 5. d4 g6 6. Bc4+ d5 7. exd5 Bd6 8.
O-O Kg7 9. Nc3 Nbd7 10. Bg5 h6 11. Bh4 Nb6 12. Bd3 g5 13. Bg3 Nbxd5 14. Nxd5
Nxd5 15. c4 Nf4 16. Be4 c6 17. Bxf4 Bxf4 18. g3 Bc7 19. f4 gxf4 20. gxf4 Bxf4
21. Kh1 Qh4 22. Qe2 Bxh2 23. Qg2+ Bg3+ 24. Kg1 Bh3 25. Qf3 {Normal} 0-1

[Event "Rated Blitz game"]
[Site "?"]
[Date "2021.11.05"]
[Round "?"]
[White "transitos"]
[Black "Gozaisho"]
[Result "0-1"]
[ECO "C42"]
[WhiteElo "2423"]
[BlackElo "2315"]
[PlyCount "30"]
[EventDate "2021.??.??"]
[EventType "blitz"]
[TimeControl "300"]

1. e4 e5 2. Nf3 Nf6 3. Nxe5 d6 4. Nxf7 Kxf7 5. d4 c5 6. Bc4+ d5 7. dxc5 Bxc5 8.
O-O dxc4 9. Qf3 Nc6 10. Bf4 Re8 11. Nc3 Kg8 12. Rad1 Qe7 13. Nd5 Nxd5 14. exd5
Nd4 15. Qc3 Ne2+ {Normal} 0-1

[Event "Rated Blitz game"]
[Site "?"]
[Date "2021.11.05"]
[Round "?"]
[White "Kuzumsu"]
[Black "GladysPonsonbyy"]
[Result "1-0"]
[ECO "C42"]
[WhiteElo "2315"]
[BlackElo "2446"]
[PlyCount "115"]
[EventDate "2021.??.??"]
[EventType "blitz"]
[TimeControl "180"]

1. e4 e5 2. Nf3 Nf6 3. Nxe5 d6 4. Nxf7 Kxf7 5. Nc3 c5 6. Bc4+ Be6 7. Bxe6+ Kxe6
8. O-O Nc6 9. f4 Nd4 10. e5 dxe5 11. fxe5 Kxe5 12. d3 Kd6 13. Bf4+ Kc6 14. Ne2
Qd5 15. Nxd4+ Qxd4+ 16. Kh1 Re8 17. Qf3+ Qd5 18. Qh3 Bd6 19. c4 Qe6 20. Qf3+
Kc7 21. b4 Bxf4 22. Qxf4+ Qe5 23. Qf3 cxb4 24. a3 Qd6 25. axb4 Qc6 26. Qg3+ Qd6
27. Qxg7+ Qe7 28. Qxf6 Qxf6 29. Rxf6 Re3 30. Rf3 Re2 31. h3 Rg8 32. Rg1 Rb2 33.
b5 Rg7 34. Rf4 Rd2 35. d4 Rd7 36. d5 Kb6 37. Ra1 Rg7 38. Rg4 Rxg4 39. hxg4 Rd4
40. Rc1 Rxg4 41. Kh2 Kc5 42. Kh3 Rd4 43. g4 a6 44. bxa6 bxa6 45. Kh4 a5 46. Kh5
a4 47. g5 a3 48. Kh6 Rg4 49. Ra1 Rg3 50. Rd1 a2 51. d6 Rd3 52. Rxd3 a1=Q 53. d7
Qh1+ 54. Kg7 Qb7 55. Kf7 Qc7 56. Ke8 Qb8+ 57. d8=Q Qe5+ 58. Qe7+ {Time forfeit}
1-0

[Event "Rated Blitz game"]
[Site "?"]
[Date "2021.11.04"]
[Round "?"]
[White "micfel"]
[Black "camilomunoz0107"]
[Result "0-1"]
[ECO "C42"]
[WhiteElo "2389"]
[BlackElo "2427"]
[PlyCount "98"]
[EventDate "2021.??.??"]
[EventType "blitz"]
[TimeControl "180"]

1. e4 e5 2. Nf3 Nf6 3. Nxe5 d6 4. Nxf7 Kxf7 5. d4 Bg4 6. f3 Bh5 7. Bc4+ d5 8.
Bb3 c6 9. O-O Kg8 10. e5 Ne8 11. g4 Bf7 12. Kg2 a5 13. c3 h5 14. h3 hxg4 15.
hxg4 Qh4 16. Rh1 Qxh1+ 17. Qxh1 Rxh1 18. Kxh1 a4 19. Bc2 c5 20. Be3 cxd4 21.
cxd4 Nc7 22. Nc3 a3 23. b3 Nc6 24. Rd1 Bb4 25. Ne2 Nb5 26. f4 Re8 27. Kg2 Bc3
28. Kf3 Nb4 29. Bb1 Rc8 30. f5 Bb2 31. e6 Be8 32. Bd2 Nc2 33. Bxc2 Rxc2 34. Bb4
Bxd4 35. Nxd4 Nxd4+ 36. Rxd4 Rxa2 37. g5 Rb2 38. f6 Rxb3+ 39. Kf4 a2 40. f7+
Bxf7 41. exf7+ Kxf7 42. Rd1 Rxb4+ 43. Ke5 Rb1 44. g6+ Ke7 45. Rxd5 a1=Q+ 46.
Kf5 Rf1+ 47. Ke4 Qe1+ 48. Kd3 Rf4 49. Rd4 Qd1+ {Normal} 0-1

[Event "Rated Blitz game"]
[Site "?"]
[Date "2021.11.04"]
[Round "?"]
[White "sinaghorbani13841384"]
[Black "Cardenal_Cuba"]
[Result "1-0"]
[ECO "C42"]
[WhiteElo "2274"]
[BlackElo "2418"]
[PlyCount "45"]
[EventDate "2021.??.??"]
[EventType "blitz"]
[TimeControl "180+2"]

1. e4 e5 2. Nf3 Nf6 3. Nxe5 d6 4. Nxf7 Kxf7 5. Nc3 c5 6. Bc4+ Be6 7. Bxe6+ Kxe6
8. O-O Nc6 9. f4 Kd7 10. Nd5 Nxd5 11. exd5 Ne7 12. d4 Qb6 13. Qg4+ Kc7 14. dxc5
Qxc5+ 15. Kh1 Rc8 16. c4 Qxc4 17. Be3 Kb8 18. Rfc1 Qxd5 19. Rxc8+ Nxc8 20. Rc1
Be7 21. Qd7 Bf6 22. Qc7+ Ka8 23. Qxc8+ {Normal} 1-0

[Event "Rated Blitz tournament U0U2jolQ"]
[Site "?"]
[Date "2021.11.04"]
[Round "?"]
[White "josefghng"]
[Black "gijsijsijs"]
[Result "1-0"]
[ECO "C42"]
[WhiteElo "2487"]
[BlackElo "2395"]
[PlyCount "72"]
[EventDate "2021.??.??"]
[EventType "blitz"]
[TimeControl "180"]

1. e4 e5 2. Nf3 Nf6 3. Nxe5 d6 4. Nxf7 Kxf7 5. Bc4+ d5 6. Bb3 Bd6 7. d4 Nxe4 8.
Bxd5+ Be6 9. Bxe4 c6 10. Qf3+ Qf6 11. Qxf6+ Kxf6 12. O-O Rf8 13. Be3 Nd7 14.
Nd2 Nb6 15. b3 Nd5 16. c4 Nxe3 17. fxe3+ Ke7 18. h3 c5 19. d5 Bd7 20. Bxh7 Rh8
21. Bf5 Rae8 22. Ne4 Be5 23. Rad1 Rh4 24. Nxc5 Bxf5 25. Rxf5 Bf6 26. Nxb7 Kf7
27. Nd6+ Kg6 28. Rxf6+ gxf6 29. Nxe8 Kf5 30. Rf1+ Ke4 31. Nxf6+ Kd3 32. d6 a5
33. d7 Rh8 34. Rd1+ Ke2 35. d8=Q Rxd8 36. Rxd8 a4 {Normal} 1-0

[Event "Rated Blitz game"]
[Site "?"]
[Date "2021.11.04"]
[Round "?"]
[White "GriNick"]
[Black "VLACHESS"]
[Result "0-1"]
[ECO "C42"]
[WhiteElo "2307"]
[BlackElo "2402"]
[PlyCount "32"]
[EventDate "2021.??.??"]
[EventType "blitz"]
[TimeControl "180"]

1. e4 e5 2. Nf3 Nf6 3. Nxe5 d6 4. Nxf7 Kxf7 5. Nc3 Be6 6. d4 c6 7. f4 Kg8 8. f5
Bf7 9. g4 h6 10. Bf4 Nbd7 11. Qf3 b5 12. O-O-O b4 13. Ne2 Qa5 14. e5 Bd5 15.
Qg3 Ne4 16. Qh3 Qxa2 {Normal} 0-1

[Event "Rated Blitz tournament HiN5S9EI"]
[Site "?"]
[Date "2021.11.04"]
[Round "?"]
[White "Gdmonster22"]
[Black "Whototearup"]
[Result "0-1"]
[ECO "C42"]
[WhiteElo "2474"]
[BlackElo "2230"]
[PlyCount "90"]
[EventDate "2021.??.??"]
[EventType "blitz"]
[TimeControl "180"]

1. e4 e5 2. Nf3 Nf6 3. Nxe5 d6 4. Nxf7 Kxf7 5. Bc4+ Be6 6. Bxe6+ Kxe6 7. O-O g6
8. c3 Kf7 9. Qb3+ Kg7 10. Qxb7 Nbd7 11. d3 Be7 12. Qa6 Rf8 13. h3 Nc5 14. Qc4
Nfd7 15. Qd4+ Bf6 16. Qe3 c6 17. d4 Ne6 18. f4 Qb6 19. Nd2 Kg8 20. Nc4 Qc7 21.
Qg3 d5 22. Nd2 dxe4 23. Nxe4 Bg7 24. Qh4 c5 25. d5 Nd8 26. Ng5 h6 27. Ne6 Nxe6
28. dxe6 Nf6 29. f5 g5 30. Bxg5 hxg5 31. Qxg5 c4 32. Rad1 Rad8 33. Rde1 Rfe8
34. Qg6 Re7 35. h4 Qc5+ 36. Kh1 Rd3 37. h5 Qd5 38. Kh2 Qd6+ 39. Kg1 Rg3 40. h6
Rxg6 41. fxg6 Ng4 42. h7+ Kh8 43. Rf7 Qh2+ 44. Kf1 Qh1+ 45. Ke2 Qxg2+ {Time
forfeit} 0-1

[Event "Rated Blitz tournament U0U2jolQ"]
[Site "?"]
[Date "2021.11.04"]
[Round "?"]
[White "josefghng"]
[Black "gijsijsijs"]
[Result "1/2-1/2"]
[ECO "C42"]
[WhiteElo "2502"]
[BlackElo "2406"]
[PlyCount "136"]
[EventDate "2021.??.??"]
[EventType "blitz"]
[TimeControl "180"]

1. e4 e5 2. Nf3 Nf6 3. Nxe5 d6 4. Nxf7 Kxf7 5. Bc4+ d5 6. Bb3 Bd6 7. d4 Nxe4 8.
Bxd5+ Be6 9. Bxe4 Re8 10. Qf3+ Qf6 11. O-O Qxf3 12. Bxf3 c6 13. Be3 Nd7 14. Nd2
Nf6 15. Rfe1 Bd5 16. c4 Bxf3 17. Nxf3 h6 18. a3 a5 19. h3 Rac8 20. Rad1 b5 21.
cxb5 cxb5 22. Rc1 Nd5 23. Bd2 Rxe1+ 24. Nxe1 Rxc1 25. Bxc1 b4 26. Nd3 bxa3 27.
bxa3 Nc3 28. Bd2 Ne2+ 29. Kf1 Nxd4 30. Bxa5 Bxa3 31. Bc3 Ne6 32. Bb4 Bxb4 33.
Nxb4 Kf6 34. Ke2 Nf4+ 35. Kf3 Ne6 36. g3 Nd4+ 37. Ke4 Ne6 38. Nd5+ Kg6 39. h4
Kf7 40. Ke5 Nc5 41. Nf4 g5 42. hxg5 hxg5 43. Nh3 Nd3+ 44. Kf5 Kg7 45. Kxg5 Ne1
46. f4 Nf3+ 47. Kh5 Nd4 48. g4 Ne6 49. f5 Nd4 50. Kg5 Nf3+ 51. Kf4 Nh4 52. g5
Ng2+ 53. Ke5 Ne3 54. Nf4 Kh7 55. g6+ Kh6 56. Kf6 Ng4+ 57. Kf7 Ne5+ 58. Ke6 Ng4
59. Nd5 Kg7 60. Nf4 Kh6 61. Nh3 Kg7 62. Ng5 Ne3 63. Ne4 Ng4 64. Ng3 Ne3 65.
Nh5+ Kh6 66. g7 Nxf5 67. Kxf5 Kh7 68. Kf6 Kg8 {Time forfeit} 1/2-1/2

[Event "Rated Blitz game"]
[Site "?"]
[Date "2021.11.04"]
[Round "?"]
[White "trotz82"]
[Black "IPinkyPromise"]
[Result "0-1"]
[ECO "C42"]
[WhiteElo "2358"]
[BlackElo "2472"]
[PlyCount "38"]
[EventDate "2021.??.??"]
[EventType "blitz"]
[TimeControl "180"]

1. e4 e5 2. Nf3 Nf6 3. Nxe5 d6 4. Nxf7 Kxf7 5. Nc3 Be7 6. Bc4+ Kg6 7. O-O h6 8.
d4 Rf8 9. Qd3 Nh5 10. f4 Kh7 11. Qf3 Nf6 12. e5 dxe5 13. Bd3+ Kh8 14. Ne4 Nxe4
15. Qxe4 Bf5 16. Qxb7 Qxd4+ 17. Kh1 Bxd3 18. cxd3 Nd7 19. Qxc7 Rac8 {Normal}
0-1

[Event "Rated Blitz game"]
[Site "?"]
[Date "2021.11.03"]
[Round "?"]
[White "RatzFatzWeg"]
[Black "emanuel81"]
[Result "1-0"]
[ECO "C42"]
[WhiteElo "2526"]
[BlackElo "2430"]
[PlyCount "73"]
[EventDate "2021.??.??"]
[EventType "blitz"]
[TimeControl "180+2"]

1. e4 e5 2. Nf3 Nf6 3. Nxe5 d6 4. Nxf7 Kxf7 5. Nc3 c6 6. d4 Be7 7. Bd3 Re8 8.
O-O Kg8 9. e5 dxe5 10. dxe5 Nfd7 11. f4 Nf8 12. Kh1 Na6 13. f5 Nc5 14. Bc4+ Kh8
15. Qf3 Qd4 16. Bf7 Rd8 17. f6 Bg4 18. fxg7+ Kxg7 19. Qg3 Ng6 20. Bxg6 hxg6 21.
Be3 Qb4 22. Rf4 Qxb2 23. Raf1 Be6 24. Bxc5 Bxc5 25. Ne4 Rf8 26. Nxc5 Bd5 27.
Rf6 Qxc2 28. Nd7 Rxf6 29. exf6+ Kg8 30. Ne5 Be4 31. h4 Rf8 32. h5 Kh7 33. hxg6+
Bxg6 34. Qh4+ Kg8 35. Qh6 Rxf6 36. Rxf6 Qd1+ 37. Kh2 {Normal} 1-0

[Event "Rated Blitz game"]
[Site "?"]
[Date "2021.11.03"]
[Round "?"]
[White "josefghng"]
[Black "SoStrongOpening"]
[Result "1-0"]
[ECO "C42"]
[WhiteElo "2513"]
[BlackElo "2746"]
[PlyCount "121"]
[EventDate "2021.??.??"]
[EventType "blitz"]
[TimeControl "300"]

1. e4 e5 2. Nf3 Nf6 3. Nxe5 d6 4. Nxf7 Kxf7 5. Bc4+ Be6 6. Bxe6+ Kxe6 7. d4 Qd7
8. O-O c5 9. d5+ Kf7 10. Nc3 Na6 11. h3 Re8 12. Re1 h6 13. f4 Nc7 14. a4 g6 15.
Bd2 Bg7 16. Qf3 Kg8 17. Rad1 Qf7 18. Bc1 Nd7 19. Nb5 Nxb5 20. axb5 g5 21. e5
dxe5 22. f5 b6 23. c4 Nf6 24. Bd2 e4 25. Qe2 Nd7 26. Bc3 Bxc3 27. bxc3 Qxf5 28.
Rf1 Qg6 29. Ra1 Rh7 30. Rxa7 Ne5 31. Ra6 Rf7 32. Rfa1 Ref8 33. Ra8 g4 34. Rxf8+
Kg7 35. Rxf7+ Kxf7 36. Ra7+ Kf6 37. Qf2+ Kg5 38. Qg3 Qf5 39. Re7 Kf6 40. Re6+
Qxe6 41. dxe6 Kxe6 42. hxg4 Nxc4 43. Qf4 Nd6 44. c4 Nxc4 45. Qf5+ Kd6 46. Qxe4
Na5 47. Qg6+ Kd5 48. Qxb6 Nb3 49. Qc6+ Kc4 50. b6 Nd4 51. Qf6 Kd5 52. b7 Nc6
53. Qxc6+ Kxc6 54. b8=Q Kd5 55. Kf2 c4 56. Ke2 c3 57. Qc7 Ke4 58. Qxc3 Kd5 59.
Qf6 Kc5 60. Kd3 Kd5 61. Qf5+ {Time forfeit} 1-0